 Dungeon Crawl Stone Soup version 0.28.0-43-g3370ac3207 (webtiles) character file.

Game seed: 11785065049447623263

1751 Kaptain the Digger (level 9, 0/54 HPs)
             Began as a Gargoyle Earth Elementalist on Mar 20, 2022.
             Slain by an orc warrior
             ... wielding a +0 war axe
              (4 damage)
             ... on level 5 of the Dungeon.
             The game lasted 00:11:50 (7372 turns).

Kaptain the Digger (Gargoyle Earth Elementalist)    Turns: 7372, Time: 00:11:51

Health: 0/54       AC: 12    Str: 13    XL:     9   Next: 6%
Magic:  4/16       EV: 12    Int: 19    God:
Gold:   317        SH:  0    Dex: 10    Spells: 13/17 levels left

rFire   . . .      SeeInvis .   e - +2 short sword (speed)
rCold   . . .      Faith    .   (no shield)
rNeg    + . .      Spirit   .   q - +0 leather armour
rPois   ∞          Reflect  .   g - +0 helmet
rElec   +          Harm     .   k - +0 cloak
rCorr   .          Rampage  .   (no gloves)
Will    .....                   (no boots)
Stlth   ++........              (no amulet)
HPRegen 0.18/turn               o - ring of wizardry
MPRegen 0.15/turn               (no ring)

@: no status effects
A: sickness immunity, AC +6, negative energy resistance 1, electricity
resistance, torment resistance 1, petrification resistance
a: no special abilities


You were on level 5 of the Dungeon.
You visited 2 branches of the dungeon, and saw 7 of its levels.

You collected 317 gold pieces.

Inventory:

Hand Weapons
 e - a +2 short sword of speed (weapon)
 h - a +0 shortbow
 j - a +2 whip of venom
Missiles
 c - 129 stones
 f - 17 poisoned darts
 m - 35 sling bullets
 p - 13 arrows
Armour
 b - a +0 buckler
 g - a +0 helmet (worn)
 k - a +0 cloak (worn)
 q - a +0 leather armour (worn)
Jewellery
 o - a ring of wizardry (left hand)
Wands
 n - a wand of mindburst (12)
Scrolls
 d - a scroll of identify
 l - 2 scrolls of fear
 r - a scroll of immolation {unknown}
 t - a scroll of torment {unknown}
Potions
 i - 2 potions of mutation
 s - a potion of berserk rage


   Skills:
 * Level 5.1 Fighting
 + Level 3.5 Armour
 + Level 3.2 Dodging
 - Level 2.1 Stealth
 + Level 2.3 Shields
 * Level 4.8 Spellcasting
 * Level 5.1 Conjurations
 - Level 0.7 Transmutations
 * Level 6.9 Earth Magic


You had 13 spell levels left.
You knew the following spells:

 Your Spells              Type           Power      Damage    Failure   Level
a - Sandblast             Erth           62%        2d14      1%          1
b - Stone Arrow           Conj/Erth      54%        3d10      1%          3

Your spell library contained the following spells:

 Spells                   Type           Power      Damage    Failure   Level
 Passwall                 Tmut/Erth      15%        N/A       1%          2
 Sting                    Tmut/Pois      24%        1d4       6%          1
 Poisonous Vapours        Pois/Air       8%         N/A       10%         2
 Petrify                  Tmut/Erth      19%        N/A       13%         4
 Olgreb's Toxic Radiance  Pois           4%         N/A       50%         4


Dungeon Overview and Level Annotations

Branches:
Dungeon (6/15)             Temple (1/1) D:4

Altars:
Ashenzari
Cheibriados
Dithmenos
Elyvilon
Fedhas
Gozag
Hepliaklqana
Kikubaaqudgha
Makhleb
Nemelex Xobeh
Okawaru
Qazlal
Ru
Sif Muna
Trog
Uskayaw
Vehumet
Wu Jian
Xom
Yredelemnul
Zin
The Shining One

Shops:
D:6 :


Innate Abilities, Weirdness & Mutations

You are immune to sickness and miasma.
Your stone body is resilient. (AC +6)
You are immune to poison.
You resist negative energy. (rN+)
You are resistant to electric shocks. (rElec)
You are resistant to unholy torment.
You are immune to petrification.


Message History

The orc wizard flickers and vanishes!
Deactivating autopickup; reactivate with Ctrl-A.
You feel better. The orc misses you. The orc warrior closely misses you.
The orc priest calls upon Beogh to heal the orc warrior.
The orc warrior is healed somewhat.
The orc closely misses you.
You feel better. Something hits you.
The orc priest hits you but does no damage.
The orc closely misses you. The orc warrior closely misses you.
The orc priest hits you from afar with a +0 trident.
Something hits you but does no damage.
The orc priest calls upon Beogh to heal the orc warrior.
The orc warrior is healed somewhat.
The orc hits you but does no damage.
The orc priest calls upon Beogh to heal the orc warrior.
There is a stone staircase leading down here.
The orc wizard mumbles some strange words.
The orc wizard flickers and vanishes!
There is a stone staircase leading up here.
Casting: Sandblast (safe; 1% risk of failure)
Confirm with . or Enter, or press ? or * to list all spells.
Aiming: Stone Arrow (safe; 1% risk of failure)
Press: ? - help, Shift-Dir - straight line, f/p - orc warrior
Aim: an orc warrior, wielding a +0 war axe and wearing a +0 chain mail (moderately wounded, 68% to hit)
The stone arrow misses the orc warrior.
The stone arrow hits something!!
Reactivating autopickup.
You feel a bit more experienced. The orc warrior closely misses you.
The orc priest mumbles some strange prayers to Beogh against you.
Beogh smites you!
The orc warrior hits you with a +0 war axe!
* * * LOW HITPOINT WARNING * * *
You climb upwards.
There is a stone staircase leading down here.
Unknown command.
Okay, then.
You hit the orc warrior.
The orc warrior is moderately wounded.
You barely miss the orc warrior. Your punch misses the orc warrior.
The orc warrior is moderately wounded.
The orc warrior hits you with a +0 war axe.
You die...

#.##### #......
#.##### #.# #.# ###
#.# #.. #.# #..
############.###..
#@................
#.o......#########
#........#
#........#
#....#############
#.................
###....#############
#..........#
#..........#


You could see an orc warrior.

Vanquished Creatures
  Pikel (D:6)
  2 necrophages
  A sky beast (D:5)
  2 ogres
  2 phantoms (D:5)
  A scorpion (D:5)
  A wyvern skeleton (D:6)
  A water moccasin skeleton (D:5)
  2 jellies
  2 hounds (D:5)
  An orc priest (D:3)
  A gnoll shaman (D:5)
  2 bullfrog skeletons
  An iguana (D:3)
  An orc wizard (D:6)
  A scorpion zombie (D:5)
  A killer bee zombie (D:6)
  A statue (D:5)
  2 hound skeletons
  A howler monkey zombie (D:5)
  6 gnolls
  3 adders
  A shadow imp (D:6)
  An adder skeleton (D:4)
  A worm (D:2)
  2 dart slugs
  9 orcs
  7 ball pythons
  9 endoplasms
  3 giant cockroaches
  9 hobgoblins
  8 jackals
  7 kobolds
  2 quokkas
  3 bats
  2 frilled lizards
  6 goblins
  4 rats
110 creatures vanquished.

Notes
Turn   | Place    | Note
-------+----------+-------------------------------------------
     0 | D:1      | Kaptain the Gargoyle Earth Elementalist began the quest for
                  | the Orb.
     0 | D:1      | Reached XP level 1. HP: 10/10 MP: 3/3
   381 | D:1      | Reached XP level 2. HP: 16/16 MP: 3/5
  1252 | D:2      | Reached skill level 1 in Conjurations
  1307 | D:2      | Reached XP level 3. HP: 19/20 MP: 6/6
  1311 | D:2      | Learned a level 3 spell: Stone Arrow
  1330 | D:2      | Reached skill level 1 in Fighting
  1336 | D:2      | Reached skill level 4 in Earth Magic
  1588 | D:2      | Found a faded altar of an unknown god.
  2016 | D:2      | Reached XP level 4. HP: 15/25 MP: 1/7
  2584 | D:3      | Reached skill level 1 in Armour
  2655 | D:3      | Reached XP level 5. HP: 30/30 MP: 5/8
  3720 | D:4      | Found a staircase to the Ecumenical Temple.
  3726 | Temple   | Entered the Ecumenical Temple
  4499 | D:5      | Entered Level 5 of the Dungeon
  4582 | D:5      | Reached XP level 6. HP: 14/36 MP: 0/10
  4790 | D:5      | Reached skill level 5 in Earth Magic
  5087 | D:5      | Reached XP level 7. HP: 41/41 MP: 0/12
  5725 | D:5      | Found a radiant altar of Vehumet.
  5733 | D:5      | Reached XP level 8. HP: 48/48 MP: 3/14
  5841 | D:5      | Reached skill level 1 in Shields
  6025 | D:5      | Reached skill level 6 in Earth Magic
  6662 | D:6      | Noticed Pikel
  6679 | D:6      | Killed Pikel
  6799 | D:6      | Found Hagaoni's Book Shop.
  6838 | D:6      | Reached skill level 5 in Fighting
  6838 | D:6      | Reached skill level 5 in Conjurations
  7006 | D:6      | Reached XP level 9. HP: 54/54 MP: 9/16
  7372 | D:5      | Slain by an orc warrior

Illustrated notes

Levels and vault maps discovered:
D:1:      mrwooster_arrival_statue_3, layout_basic
D:2:      layout_basic, hellmonk_ecumenical_altar_crossroads,
          guppyfry_early_orc_mine
D:3:      layout_rooms
D:4:      layout_loops_corners, minmay_temple_entry_wispy
D:5:      layout_basic, vehumet_statue, hangedman_abyss_or_decor_stagger,
          minmay_pentangle
D:6:      layout_basic, serial_shops, shop, uniq_pikel
Temple:   nicolae_temple_the_god_donut

Skill      XL: |  1  2  3  4  5  6  7  8 |
---------------+-------------------------+-----
Conjurations   | 1 2 3 5 |  5.1
Fighting       | 1 2 3 5 |  5.1
Earth Magic    | 4 5 6 |  6.9
Armour         | 1 2 3 |  3.5
Dodging        | 2 3 |  3.2
Spellcasting   | 3 4 |  4.8
Shields        | 2 |  2.3
Stealth        | |  2.1
Transmutations | |  0.7

Action                   |  1- 3 |  4- 6 |  7- 9 || total
-------------------------+-------+-------+-------++-------
Melee: Unarmed           |    12 |       |       ||    12
       Short sword       |    53 |    72 |    21 ||   146
       Punch             |     2 |     1 |       ||     3
 Cast: Sandblast         |    37 |    52 |    21 ||   110
       Stone Arrow       |       |     3 |    44 ||    47
  Use: Scroll            |     1 |       |     4 ||     5
       Potion            |       |       |     3 ||     3
 Stab: Sleeping          |     1 |       |       ||     1
Armor: Robe              |    11 |    35 |     1 ||    47
       Leather armour    |       |       |    21 ||    21
Dodge: Dodged            |    34 |    51 |    35 ||   120
